 Dungeon Crawl Stone Soup version 0.28.0-1-gb440e238dd (webtiles) character file.

Game seed: 1096935379434367156

307 pkoi the Conjurer (level 6, -5/45 HPs)
             Began as a Draconian Conjurer on Feb 25, 2022.
             Engulfed by a cloud of steam (10 damage)
             ... on level 5 of the Dungeon.
             The game lasted 00:05:06 (5873 turns).

pkoi the Conjurer (Draconian Conjurer)              Turns: 5873, Time: 00:05:07

Health: -5/45      AC:  6    Str:  9    XL:     6   Next: 16%
Magic:  1/10       EV: 12    Int: 21    God:
Gold:   180        SH:  0    Dex:  9    Spells: 5/11 levels left

rFire   . . .      SeeInvis .   i - +0 spear (vorpal)
rCold   . . .      Faith    .   (no shield)
rNeg    . . .      Spirit   .   (armour unavailable)
rPois   .          Reflect  .   (helmet restricted)
rElec   .          Harm     .   (no cloak)
rCorr   .          Rampage  .   (no gloves)
Will    .....                   (no boots)
Stlth   ++........              (no amulet)
HPRegen 0.15/turn               (no ring)
MPRegen 0.12/turn               (no ring)

@: no status effects
A: AC +6, unfitting armour, cold-blooded
a: no special abilities


You were on level 5 of the Dungeon.
You visited 1 branch of the dungeon, and saw 5 of its levels.

You collected 180 gold pieces.

Inventory:

Hand Weapons
 c - a +0 whip
 i - a +0 vorpal spear (weapon)
Missiles
 j - a throwing net
Scrolls
 a - a scroll of enchant armour {unknown}
 b - 2 scrolls of vulnerability {unknown}
 e - 2 scrolls of enchant weapon {unknown}
 f - 4 scrolls of teleportation {unknown}
 k - a scroll of identify {unknown}
 l - a scroll of summoning {unknown}
 m - 2 scrolls of fear {unknown}
Potions
 d - 2 potions of lignification {unknown}
 g - a potion of brilliance {unknown}
 h - a potion of ambrosia {unknown}
 n - a potion of flight {unknown}
 o - a potion of curing {unknown}


   Skills:
 - Level 1.7 Dodging
 - Level 1.7 Stealth
 + Level 3.0 Spellcasting
 * Level 6.5 Conjurations
 + Level 2.0 Hexes


You had 5 spell levels left.
You knew the following spells:

 Your Spells              Type           Power      Damage    Failure   Level
a - Magic Dart            Conj           100%       1d8       1%          1
b - Searing Ray           Conj           60%        2d6       1%          2
c - Dazzling Flash        Conj/Hex       42%        N/A       7%          3

Your spell library contained the following spells:

 Spells                   Type           Power      Damage    Failure   Level
 Stone Arrow              Conj/Erth      32%        3d9       11%         3
 Fulminant Prism          Conj/Hex       10%        3d9       22%         4
 Iskenderun's Mystic Bla  Conj/Tloc      16%        2d5       34%         4
 Ignite Poison            Fire/Tmut/Pois 3%         N/A       36%         3


Dungeon Overview and Level Annotations

Branches:
Dungeon (5/15)
 Temple: D:4-7

Altars:

Annotations:
D:4 Dowan, Duvessa


Innate Abilities, Weirdness & Mutations

Your plain brown scales are hard. (AC +6)
You cannot fit into any form of body armour.
You are cold-blooded and may be slowed by cold attacks.


Message History

Confirm with . or Enter, or press ? or * to list all spells.
Aiming: Searing Ray (safe; 1% risk of failure)
Press: ? - help, Shift-Dir - straight line, f - steam dragon
Aim: a steam dragon (asleep, 100% to hit)
The searing ray hits the steam dragon but does no damage.
The steam dragon hisses angrily. (Press . to maintain the ray.)
The searing ray hits the steam dragon.
The steam dragon is lightly wounded.
The searing ray hits the steam dragon!
The steam dragon is heavily wounded.
The searing ray hits the steam dragon.
The steam dragon is heavily wounded.
You finish channelling your searing ray.
The steam dragon breathes steam at you. The ball of steam hits you!!
* * * LOW HITPOINT WARNING * * *
You hear a shout!
Casting: Searing Ray (safe; 1% risk of failure)
Confirm with . or Enter, or press ? or * to list all spells.
Aiming: Searing Ray (safe; 1% risk of failure)
Press: ? - help, Shift-Dir - straight line, f/p - steam dragon
Aim: a steam dragon (heavily wounded, 79% to hit)
The searing ray hits the steam dragon!
The steam dragon is severely wounded. (Press . to maintain the ray.)
You are engulfed in a cloud of scalding steam.
* * * LOW HITPOINT WARNING * * *
The steam dragon closely misses you. The steam dragon barely misses you.
The searing ray hits the steam dragon.
The steam dragon is almost dead.
You are engulfed in a cloud of scalding steam.
* * * LOW HITPOINT WARNING * * *
The steam dragon breathes steam at you. The ball of steam hits you!
* * * LOW HITPOINT WARNING * * *
The searing ray hits the steam dragon!
You kill the steam dragon!
You are engulfed in a cloud of scalding steam.
You die...

#....# .
#....# ..
#....# ...
+....# ....
#....#
.....##§...#
...........#
#§!..#
#@...#
...........#
...........#
...........#
......)....#
.....##....#
####+ #....#
.....#


There were no monsters in sight!

Vanquished Creatures
  A steam dragon (D:5)
  A jelly (D:4)
  2 hounds (D:4)
  9 gnolls
  2 adders (D:3)
  A worm (D:3)
  2 dart slugs (D:3)
  3 orcs
  5 endoplasms
  2 giant cockroaches
  17 goblins
  12 hobgoblins
  5 jackals (D:2)
  8 kobolds
  6 quokkas
  8 ball pythons
  4 bats
  2 frilled lizards (D:1)
  2 rats
92 creatures vanquished.

Vanquished Creatures (others)
  Robin (D:3)
1 creature vanquished.

Grand Total: 93 creatures vanquished

Notes
Turn   | Place    | Note
-------+----------+-------------------------------------------
     0 | D:1      | pkoi the Draconian Conjurer began the quest for the Orb.
     0 | D:1      | Reached XP level 1. HP: 14/14 MP: 3/3
   184 | D:1      | Reached XP level 2. HP: 10/20 MP: 0/5
  1054 | D:1      | Reached skill level 5 in Conjurations
  1061 | D:1      | Reached XP level 3. HP: 26/26 MP: 1/6
  1227 | D:1      | Found a faded altar of an unknown god.
  1922 | D:2      | Learned a level 2 spell: Searing Ray
  1926 | D:2      | Learned a level 3 spell: Dazzling Flash
  2814 | D:2      | Reached XP level 4. HP: 33/33 MP: 3/7
  3760 | D:3      | Reached skill level 1 in Hexes
  4373 | D:3      | Got the Grimoire of Poisonous Stones
  4379 | D:3      | Reached XP level 5. HP: 38/38 MP: 6/8
  4593 | D:3      | Identified the +0 helmet "Wulaom" {rF+ rC- rN+ Slay+2}
  4593 | D:3      | Noticed Robin
  4616 | D:3      | Killed Robin
  4617 | D:3      | Reached skill level 6 in Conjurations
  5433 | D:4      | Noticed Dowan
  5433 | D:4      | Noticed Duvessa
  5536 | D:4      | Reached XP level 6. HP: 45/45 MP: 5/10
  5865 | D:5      | Entered Level 5 of the Dungeon
  5865 | D:5      | Noticed a steam dragon
  5873 | D:5      | Killed a steam dragon
  5873 | D:5      | Engulfed by a cloud of steam

Illustrated notes

Levels and vault maps discovered:
D:1:      dpeg_arrival_erosion, layout_loops_ring,
          hellmonk_ecumenical_altar_heavens_door
D:2:      layout_basic, chequers_serial_rivers_small_3
D:3:      layout_basic, hangedman_feature_mirror, minmay_curled_crystal,
          uniq_robin
D:4:      layout_loops_ring, uniq_duvessa
D:5:      layout_gridville, temple_fountains

Skill      XL: |  1  2  3  4  5  6 |
---------------+-------------------+-----
Conjurations   | 5 6 |  6.5
Hexes          | 1 2 |  2.0
Spellcasting   | 3 |  3.0
Dodging        | |  1.7
Stealth        | |  1.7

Action                   |  1- 3 |  4- 6 || total
-------------------------+-------+-------++-------
Melee: Whip              |    43 |       ||    43
       Tailslap          |     2 |     1 ||     3
       Spear             |       |    27 ||    27
 Cast: Magic Dart        |    77 |    84 ||   161
       Searing Ray       |     1 |     7 ||     8
 Stab: Distracted        |       |     1 ||     1
Armor: Skin              |    19 |    15 ||    34
Dodge: Dodged            |    31 |    19 ||    50
